 Dungeon Crawl Stone Soup version 0.30-a0-322-g102857c98e (console) character file.

Game seed: 3307597473249891693

130 MakMorn the Magician (level 5, -1/33 (40) HPs)
             Began as a Djinni Reaver on Oct 27, 2022.
             Slain by a gnoll
             ... wielding a +0 flail
              (10 damage)
             ... on level 3 of the Dungeon.
             The game lasted 00:10:39 (2684 turns).

MakMorn the Magician (Djinni Reaver)                Turns: 2684, Time: 00:10:40

HP:   -1/33 (40)    AC:  3    Str: 11    XL:     5   Next: 36%
Gold: 89            EV: 12    Int: 17    God:
                    SH:  0    Dex: 11

rFire   + + .      SeeInvis .    y - +0 falchion
rCold   x . .      Faith    .    (no shield)
rNeg    + . .      Spirit   .    b - +0 leather armour
rPois   ∞          Reflect  .    (no helmet)
rElec   .          Harm     .    (no cloak)
rCorr   .          Rampage  .    (no gloves)
Will    .....                    (boots unavailable)
Stlth   +.........               (no amulet)
HPRegen 0.25/turn                f - ring of positive energy
MPRegen 0.00/turn                (no ring)

@: immotile, flying, heavily drained
A: sickness immunity, fire resistance 2, cold vulnerability 1, float, innate
caster, HP casting, extra vitality 1
a: no special abilities


You were on level 3 of the Dungeon.
You visited 1 branch of the dungeon, and saw 4 of its levels.

You collected 89 gold pieces.

Inventory:

Hand Weapons
 a - a +3 falchion of electrocution
 i - a +0 glaive
 s - a +0 rapier
 y - a +0 falchion (weapon)
 B - a +2 short sword of venom
 C - a +0 spear
Missiles
 m - 37 stones
 p - 2 throwing nets
 t - 4 boomerangs
Armour
 b - a +0 leather armour (worn)
Jewellery
 f - a ring of positive energy (left hand)
Wands
 q - a wand of charming (5)
 u - a wand of roots (12)
Scrolls
 c - a scroll of butterflies {unknown}
 d - a scroll of enchant armour {unknown}
 e - 2 scrolls of noise {unknown}
 h - 5 scrolls of identify {unknown}
 k - 2 scrolls of magic mapping {unknown}
 l - a scroll of silence {unknown}
 n - a scroll of poison {unknown}
 w - a scroll of torment {unknown}
 x - a scroll of fear {unknown}
Potions
 g - a potion of magic {unknown}
 j - a potion of curing {unknown}
 o - a potion of flight {unknown}
 r - 2 potions of brilliance {unknown}
 v - a potion of heal wounds {unknown}
 z - a potion of mutation {unknown}
 A - a potion of resistance {unknown}
 D - a potion of haste {unknown}


   Skills:
 * Level 3.1 Fighting
 - Level 2.6 Long Blades
 + Level 1.6 Armour
 + Level 2.7 Dodging
 * Level 3.4 Spellcasting


You had one spell level left.
You knew the following spells:

 Your Spells              Type           Power      Damage    Failure   Level
a - Momentum Strike       Conj/Tloc      28%        3d8       9%          2
b - Sandblast             Erth           28%        2d8       5%          1
h - Hailstorm             Conj/Ice       14%        3d5       16%         3
k - Kiss of Death         Conj/Necr      56%        2d9       5%          1
r - Searing Ray           Conj           28%        2d5       9%          2
Your spell library was empty.

Dungeon Overview and Level Annotations

Branches:
Dungeon (4/15)
 Temple: D:4-7

Altars:
Xom


Innate Abilities, Weirdness & Mutations

You are immune to sickness and miasma.
You are immune to poison.
Your flesh is very heat resistant. (rF++)
You are vulnerable to cold. (rC-)
You float through the air rather than walking.
You learn spells naturally, not from books.
Your magical power is your life essence.
You have superior vitality. (+4 MHP)


Message History

The gnoll barely misses you.
You hit the gnoll.
The gnoll is moderately wounded.
The gnoll closely misses you. The gnoll barely misses you.
You hit the gnoll.
The gnoll is heavily wounded.
The gnoll hits you with a +0 flail! The gnoll hits you with a +0 club.
You barely miss the gnoll.
The gnoll is heavily wounded.
The gnoll hits you with a +0 club! The gnoll closely misses you.
You hit the gnoll.
The gnoll is severely wounded.
The gnoll hits you with a +0 flail. The gnoll hits you with a +0 club.
Your magical contamination has completely faded away.
Unknown command.
Casting: Sandblast (safe; 5% risk of failure)
Confirm with . or Enter, or press ? or * to list all spells.
Aiming: Momentum Strike (safe; 9% risk of failure)
Press: ? - help, Dir - move target, f/p - gnoll
Aim: a gnoll, wielding a +0 club (lightly wounded, 75% to hit)
The concentrated momentum hits the gnoll!
You are unable to move.
* * * LOW HITPOINT WARNING * * *
The gnoll closely misses you. The gnoll hits you with a +0 club.
* * * LOW HITPOINT WARNING * * *
Casting: Momentum Strike (safe; 9% risk of failure)
Confirm with . or Enter, or press ? or * to list all spells.
You cannot redirect your momentum while unable to move.
Unknown command.
Casting: Momentum Strike (safe; 9% risk of failure)
Confirm with . or Enter, or press ? or * to list all spells.
Aiming: Kiss of Death (safe; 5% risk of failure)
Press: ? - help, Shift-Dir - straight line, f/p - gnoll
Aim: a gnoll, wielding a +0 club (severely wounded, 100% to hit)
The negative energy hits the gnoll!
The gnoll is drained!
You kill the gnoll!
You feel drained.
* * * LOW HITPOINT WARNING * * *
The gnoll hits you with a +0 flail!
You die...

#.............
#.....
#.............
#.....
.#.........g...
#.....
...............
#......
#............
#......
#........g...
#...... #)#
##.####
####g#### #.
#..)@)..#
#.......#
#.......+ ###
#.......# #..
#..)....# #..
#.......# #.
#.. . #.......#
#.##..
..##.......#
#.##.. #######
...........#
#.....


You could see a gnoll.

Vanquished Creatures
  Eustachio (D:4)
  2 gnolls (D:3)
  An adder (D:2)
  2 dart slugs
  2 endoplasms (D:1)
  4 giant cockroaches
  2 hobgoblins
  2 quokkas (D:1)
  3 ball pythons
  3 bats
  A frilled lizard (D:1)
  3 goblins
  3 kobolds
  4 rats
33 creatures vanquished.

Vanquished Creatures (others)
  2 adders
  An ufetubus (D:4)
  3 endoplasms (D:2)
  A quokka (D:1)
  A ball python (D:3)
  A goblin (D:1)
  A rat (D:1)
10 creatures vanquished.

Grand Total: 43 creatures vanquished

Notes
Turn   | Place    | Note
-------+----------+-------------------------------------------
     0 | D:1      | MakMorn the Djinni Reaver began the quest for the Orb.
     0 | D:1      | MakMorn set off with the following spells memorised: Kiss
                  | of Death, Momentum Strike, Hailstorm.
     0 | D:1      | Reached XP level 1. HP: 18/18 MP: 0/0
    54 | D:1      | Found a shimmering altar of Xom.
   195 | D:1      | Reached XP level 2. HP: 20/23 MP: 0/0
   457 | D:1      | Found a faded altar of an unknown god.
  1204 | D:2      | Reached XP level 3. HP: 29/29 MP: 0/0
  1204 | D:2      | Learned a level 1 spell: Sandblast
  2141 | D:3      | You are sucked into a shaft and drop 1 floor!
  2305 | D:4      | Noticed Eustachio
  2311 | D:4      | Killed Eustachio
  2312 | D:4      | Reached skill level 1 in Armour
  2312 | D:4      | Reached XP level 4. HP: 20/35 MP: 0/0
  2312 | D:4      | Reached XP level 5. HP: 23/40 MP: 0/0
  2312 | D:4      | Learned a level 2 spell: Searing Ray
  2684 | D:3      | Slain by a gnoll

Illustrated notes

Levels and vault maps discovered:
D:1:      dpeg_arrival_water_altar, layout_basic,
          shapermc_ecumenical_altar_starsandcircs
D:2:      layout_basic, minmay_pentomino_pile
D:3:      layout_basic, uniq_terence
D:4:      layout_gridville, uniq_eustachio

Skill      XL: |  1  2  3 |
---------------+----------+-----
Spellcasting   | 3 |  3.4
Fighting       | 3 |  3.1
Armour         | 1 |  1.6
Long Blades    | |  2.6
Dodging        | |  2.7

Action                   |  1- 3 |  4- 6 || total
-------------------------+-------+-------++-------
Melee: Falchion          |    68 |    14 ||    82
 Cast: Kiss of Death     |     3 |     1 ||     4
       Momentum Strike   |    12 |     3 ||    15
       Sandblast         |    12 |     4 ||    16
Armor: Leather armour    |    22 |     1 ||    23
Dodge: Dodged            |    45 |    11 ||    56

Table legend: (Time is in decaauts)
 A = Elapsed time spent in this place.
 B = Non-inter-level travel time spent in this place.
 C = Inter-level travel time spent in this place.
 D = Time resting spent in this place.
 E = Time spent auto-exploring this place.
 F = Levels seen in this place.
 G = Mean time per level.
                   A        B        C        D        E       F      G
               +--------+--------+--------+--------+--------+-----+--------+
         Total |   2706 |   2485 |    221 |    172 |   1720 |   4 |  676.5 |
       Dungeon |   2706 |   2485 |    221 |    172 |   1720 |   4 |  676.5 |
               +--------+--------+--------+--------+--------+-----+--------+

Top non-repeatable levels by time:
     D:1: 1124 daAuts
     D:2: 1028 daAuts
     D:4: 341 daAuts
     D:3: 211 daAuts
